 Dungeon Crawl Stone Soup version 0.30-a0-782-ge64f9170bb (webtiles) character file.

Game seed: 16677028364113241332

988 funkygono the Reanimator (level 7, 0/47 HPs)
             Began as a Demonspawn Necromancer on Mar 10, 2023.
             Was a Follower of Sif Muna.
             Killed from afar by a white imp (7 damage)
             ... with a puff of frost
             ... on level 5 of the Dungeon.
             The game lasted 00:10:41 (6087 turns).

funkygono the Reanimator (Demonspawn Necromancer)   Turns: 6087, Time: 00:10:42

Health: 0/47       AC:  5    Str:  9    XL:     7   Next: 97%
Magic:  24/24      EV: 12    Int: 24    God:    Sif Muna [*.....]
Gold:   323        SH:  0    Dex: 13    Spells: 4/17 levels left

rFire   . . .      SeeInvis .    d - +0 short sword
rCold   . . .      Faith    .    (no shield)
rNeg    . . .      Spirit   .    a - +0 robe
rPois   .          Reflect  .    (helmet restricted)
rElec   .          Harm     .    (no cloak)
rCorr   .          Rampage  .    (no gloves)
Will    .....                    (no boots)
Stlth   +                        s - amulet of regeneration
HPRegen 1.07/turn                c - +6 ring of intelligence
MPRegen 0.19/turn                y - ring of magical power

@: very slow
A: antennae 1, yellow scales 2, foul stench 1
a: Renounce Religion, Channel Magic


You were on level 5 of the Dungeon.
You worshipped Sif Muna.
Sif Muna was aware of your devotion.
You visited 2 branches of the dungeon, and saw 6 of its levels.

You collected 323 gold pieces.

Inventory:

Hand Weapons
 d - a +0 short sword (weapon)
Armour
 a - a +0 robe (worn)
Jewellery
 c - a +6 ring of intelligence (left hand)
 r - a ring of positive energy
 s - an amulet of regeneration (around neck)
 x - a ring of positive energy
 y - a ring of magical power (right hand)
Scrolls
 f - a scroll of torment {unknown}
 g - 2 scrolls of teleportation {unknown}
 i - 3 scrolls of amnesia {unknown}
 j - a scroll of enchant weapon {unknown}
 l - a scroll of poison {unknown}
 m - 3 scrolls of magic mapping {unknown}
 o - 2 scrolls of immolation {unknown}
 p - a scroll of silence {unknown}
 q - 3 scrolls of identify {unknown}
 v - a scroll of fog {unknown}
 w - a scroll of noise {unknown}
 z - a scroll of enchant armour {unknown}
Potions
 b - a potion of magic
 e - a potion of curing
 h - 2 potions of attraction {unknown}
 k - a potion of mutation {unknown}
 n - 2 potions of degeneration {unknown}
 t - a potion of heal wounds {unknown}
 u - a potion of haste {unknown}
 A - a potion of cancellation {unknown}


   Skills:
 + Level 0.5 Fighting
 + Level 0.3 Short Blades
 + Level 2.2 Dodging
 - Level 1.7 Stealth
 + Level 5.9 Spellcasting
 + Level 8.4 Necromancy


You had 4 spell levels left.
You knew the following spells:

 Your Spells              Type           Power      Damage    Failure   Level
a - Necrotise             Necr           100%       1d9       1%          1
b - Vampiric Draining     Necr           47%        2d9       1%          3
c - Animate Dead          Necr           47%        N/A       2%          4
d - Agony                 Necr           47%        N/A       7%          5

Your spell library contained the following spells:

 Spells                   Type           Power      Damage    Failure   Level
 Beastly Appendage        Tmut           14%        N/A       9%          1
 Wereblood                Tmut           7%         N/A       12%         2
 Dazzling Flash           Conj/Hex       14%        N/A       24%         3
 Spider Form              Tmut/Pois      7%         N/A       24%         3
 Summon Guardian Golem    Hex/Summ       7%         N/A       24%         3
 Iskenderun's Mystic Bla  Conj/Tloc      7%         2d4       63%         4
 Starburst                Conj/Fire      3%         6d3       100%        6
 Orb of Destruction       Conj           3%         9d5       100%        7
 Spellforged Servitor     Conj/Summ      3%         N/A       100%        7


Dungeon Overview and Level Annotations

Branches:
Dungeon (5/15)             Temple (1/1) D:5

Altars:
Cheibriados
Fedhas
Okawaru
Sif Muna
Vehumet
Yredelemnul


Innate Abilities, Weirdness & Mutations

You have a pair of small antennae on your head.
You are mostly covered in yellow scales. (AC +3)
You may rarely emit foul miasma when damaged in melee.


Message History

Magic restored.
HP restored.
Done exploring.
You climb downwards.
The phantom hits you.
The phantom blinks!
You blink.
Splash!
You fall into the shallow water.
Moving in this stuff is going to be slow.
You hit the phantom.
The phantom is lightly damaged.
The phantom hits you.
Your unstable footing causes you to fumble your attack.
The phantom hits you.
Your unstable footing causes you to fumble your attack.
The phantom completely misses you.
You hit the phantom.
The phantom is moderately damaged.
The phantom hits you.
The phantom blinks!
You blink.
Splash!
Why would you want to do that? Why would you want to do that?
You hit the white imp but do no damage.
The white imp is lightly wounded.
The white imp gestures at you. The puff of frost hits you.
The phantom misses you. The dart slug launches a dart at you.
The slug dart hits you.
You barely miss the white imp.
The white imp is lightly wounded.
The white imp gestures at you. The puff of frost hits you!
The phantom hits you.
You barely miss the white imp. You punch the white imp.
The white imp is moderately wounded.
The white imp gestures at you. The puff of frost hits you!
* * * LOW HITPOINT WARNING * * *
The phantom hits you but does no damage.
Your unstable footing causes you to fumble your attack.
The white imp gestures at you. The puff of frost hits you!
You die...

#..##..#.### ##.## #### .##
#..........###...## #..##..#
###..#.....###.....# ##.......
#....#.....##...[..###........
######......#.....##...##.#...###
...#......))...~~.~~#.......##.##
..............~~≈≈~w~...........#
.........#..~~≈≈~W~≈≈~≈....##...#
##.#......#~≈≈≈≈@~≈≈#≈~~.........
..##.......~≈≈≈≈5≈#≈≈≈#~.#.......
######....#~≈≈≈≈~≈#≈≈≈≈~~#..##..#
# ###.~≈≈≈≈#~~~≈~~#≈#≈~.## ##
###≈~..~~(..~~.#≈~~..# ...
#####..~≈.....<.<).♣#~).###...
#....[~≈~.~~~...[<(.~≈~..##...
#.....~≈≈~.~≈~))≈~~≈≈≈~.......
#..##.#~≈≈≈≈≈≈≈[#≈≈≈≈#........


You could see a phantom, a white imp and a dart slug.

Vanquished Creatures
  Sigmund (D:5)
  A necrophage (D:4)
  3 scorpions (D:4)
  An orc priest (D:3)
  A jelly (D:4)
  A gnoll bouda (D:4)
  2 iguanas
  3 orc wizards
  Ijyb (D:5)
  12 gnolls
  10 adders
  A shadow imp (D:4)
  2 worms
  12 dart slugs
  15 orcs
  6 bats (D:3)
  4 endoplasms
  2 giant cockroaches (D:3)
  7 goblins
  3 hobgoblins
  7 kobolds
  5 ball pythons
  A frilled lizard (D:2)
  3 rats
104 creatures vanquished.

Vanquished Creatures (collateral kills)
  A gnoll (D:4)
  A worm (D:2)
  An orc (D:4)
  An endoplasm (D:4)
4 creatures vanquished.

Grand Total: 108 creatures vanquished

Notes
Turn   | Place    | Note
-------+----------+-------------------------------------------
     0 | D:1      | funkygono the Demonspawn Necromancer began the quest for
                  | the Orb.
     0 | D:1      | Reached XP level 1. HP: 13/13 MP: 3/3
   520 | D:1      | Gained mutation: You may rarely emit foul miasma when
                  | damaged in melee. [demonic ancestry]
   520 | D:1      | Reached XP level 2. HP: 9/19 MP: 0/5
   734 | D:1      | Found a faded altar of an unknown god.
  1393 | D:2      | Reached skill level 5 in Necromancy
  1403 | D:2      | Gained mutation: You have a pair of small antennae on your
                  | head. [demonic ancestry]
  1403 | D:2      | Reached XP level 3. HP: 24/24 MP: 1/6
  1416 | D:2      | Learned a level 3 spell: Vampiric Draining
  1540 | D:2      | Found a snail-covered altar of Cheibriados.
  2524 | D:3      | Reached XP level 4. HP: 28/30 MP: 3/8
  2599 | D:3      | Learned a level 4 spell: Animate Dead
  3071 | D:3      | Found a snail-covered altar of Cheibriados.
  3362 | D:4      | Reached skill level 6 in Necromancy
  3413 | D:4      | Found an iron altar of Okawaru.
  3495 | D:4      | Gained mutation: You are partially covered in yellow
                  | scales. (AC +2) [demonic ancestry]
  3495 | D:4      | Reached XP level 5. HP: 35/35 MP: 6/9
  3936 | D:4      | Found a shimmering blue altar of Sif Muna.
  3939 | D:4      | Became a worshipper of Sif Muna the Loreminder
  3973 | D:4      | Found a basalt altar of Yredelemnul.
  4183 | D:4      | Reached XP level 6. HP: 28/41 MP: 3/11
  4355 | D:4      | Reached skill level 7 in Necromancy
  4528 | D:4      | Learned a level 5 spell: Agony
  4932 | D:5      | Entered Level 5 of the Dungeon
  5049 | D:5      | Reached * piety under Sif Muna
  5109 | D:5      | Noticed Sigmund
  5115 | D:5      | Identified the +10 long sword "Vunud" {holy, rC+ rN++}
  5137 | D:4      | Gained mutation: You are mostly covered in yellow scales.
                  | (AC +3) [demonic ancestry]
  5137 | D:4      | Reached XP level 7. HP: 16/47 MP: 0/14
  5251 | D:4      | Reached skill level 5 in Spellcasting
  5474 | D:5      | Killed Sigmund
  5475 | D:5      | Reached skill level 8 in Necromancy
  5816 | D:5      | Found a staircase to the Ecumenical Temple.
  5824 | Temple   | Entered the Ecumenical Temple
  5830 | D:5      | Found a blossoming altar of Fedhas.
  5992 | D:5      | Noticed Ijyb
  6012 | D:5      | Killed Ijyb
  6087 | D:5      | Killed from afar by a white imp

Illustrated notes

Levels and vault maps discovered:
D:1:      dpeg_arrival_snail, layout_loops_corners,
          ebering_ecumenical_altar_abandoned, minmay_misc_feat_hallway
D:2:      layout_loops_ring, basic_altar, nicolae_eternal_life,
          minmay_three_crescents
D:3:      layout_basic, cheibriados_altar_1, elyvilon_altar_3
D:4:      minmay_wonky_spiral, layout_layer_cave,
          mainiacjoe_overflow_tiny_flanked, mainiacjoe_overflow_catwalk,
          gammafunk_temple_overflow_elements, chequers_serial_rivers_micro_a
D:5:      kennysheep_slugbush, layout_cave_pools, fedhas_altar_2,
          minmay_temple_entry_gardened_gates, serial_column_ruins,
          column_ruins_hut, column_ruins_open_medium, column_ruins_open_tiny,
          column_ruins_open_small, column_ruins_grid_1, kennysheep_diamond,
          uniq_ijyb, uniq_sigmund
Temple:   hellmonk_temple_forest_ring

Skill      XL: |  1  2  3  4  5  6  7 |
---------------+----------------------+-----
Necromancy     | 5 6 7 8 |  8.4
Spellcasting   | 3 4 5 |  5.9
Dodging        | 2 |  2.2
Fighting       | |  0.5
Short Blades   | |  0.3
Stealth        | |  1.7

Action                     |  1- 3 |  4- 6 |  7- 9 || total
---------------------------+-------+-------+-------++-------
  Melee: Unarmed           |     9 |       |       ||     9
         Short sword       |     6 |    42 |    37 ||    85
         Punch             |       |     1 |     2 ||     3
   Cast: Necrotise         |    68 |   126 |    58 ||   252
         Vampiric Draining |       |     1 |     5 ||     6
         Animate Dead      |       |     1 |     1 ||     2
         Agony             |       |       |     2 ||     2
 Armour: Robe              |     3 |     8 |    21 ||    32
  Dodge: Dodged            |    10 |    47 |    64 ||   121

Table legend: (Time is in decaauts)
 A = Elapsed time spent in this place.
 B = Non-inter-level travel time spent in this place.
 C = Inter-level travel time spent in this place.
 D = Time resting spent in this place.
 E = Time spent auto-exploring this place.
 F = Levels seen in this place.
 G = Mean time per level.
                   A        B        C        D        E       F      G
               +--------+--------+--------+--------+--------+-----+--------+
         Total |   6111 |   5998 |    113 |    163 |   4957 |   6 | 1018.5 |
       Dungeon |   6107 |   5994 |    113 |    163 |   4957 |   5 | 1221.4 |
        Temple |      3 |      3 |      0 |      0 |      0 |   1 |    3.0 |
               +--------+--------+--------+--------+--------+-----+--------+

Top non-repeatable levels by time:
     D:4: 2185 daAuts
     D:1: 1163 daAuts
     D:3: 1053 daAuts
     D:2: 1048 daAuts
     D:5: 656 daAuts
  Temple: 3 daAuts
